 Dungeon Crawl Stone Soup version 0.29-a0-422-gafbd6decc1 (webtiles) character file.

Game seed: 161772755613178626

30 ptdevnull the Slasher (level 3, -1/27 HPs)
             Began as a Merfolk Gladiator on May 19, 2022.
             Was a Follower of Qazlal.
             Slain by an adder (3 damage)
             ... on level 1 of the Dungeon.
             The game lasted 00:02:57 (1019 turns).

ptdevnull the Slasher (Merfolk Gladiator)           Turns: 1019, Time: 00:02:58

Health: -1/27      AC:  4    Str: 14    XL:     3   Next: 20%
Magic:  3/3        EV: 13    Int:  7    God:    Qazlal [*.....]
Gold:   45         SH:  5    Dex: 17    Spells: 2/2 levels left

rFire   . . .      SeeInvis .   a - +0 long sword
rCold   . . .      Faith    .   g - +0 buckler
rNeg    . . .      Spirit   .   b - +0 leather armour
rPois   .          Reflect  .   c - +0 helmet
rElec   .          Harm     .   (no cloak)
rCorr   .          Rampage  .   (no gloves)
Will    .....                   (no boots)
Stlth   +.........              (no amulet)
HPRegen 0.09/turn               (no ring)
MPRegen 0.08/turn               (no ring)

@: lethally poisoned (-1 -> -2)
A: (nimble swimmer 2), mertail
a: Renounce Religion


You were on level 1 of the Dungeon.
You worshipped Qazlal.
Qazlal was aware of your devotion.
You visited 1 branch of the dungeon, and saw 2 of its levels.

You collected 45 gold pieces.

Inventory:

Hand Weapons
 a - a +0 long sword (weapon)
Missiles
 d - 2 throwing nets (quivered)
 e - a javelin
 h - 6 poisoned darts
Armour
 b - a +0 leather armour (worn)
 c - a +0 helmet (worn)
 g - a +0 buckler (worn)
Wands
 k - a wand of acid (6)
Scrolls
 f - a scroll of fear {unknown}
 i - a scroll of poison {unknown}
 j - a scroll of amnesia {unknown}
 l - a scroll of identify {unknown}


   Skills:
 - Level 2.2 Fighting
 * Level 5.1 Long Blades
 - Level 2.0 Throwing
 - Level 4.0 Dodging
 + Level 0.0 Invocations


You had 2 spell levels left.
You didn't know any spells.
Your spell library was empty.

Dungeon Overview and Level Annotations

Branches:
Dungeon (2/15)

Altars:
Qazlal


Innate Abilities, Weirdness & Mutations

((You are very nimble when in or above water. (Stealth+, EV+, Speed+++)))
Your lower body shifts to a powerful aquatic tail in water.


Message History

The adder bites you but does no damage.
You feel sick. The quokka barely misses you.
You feel sick.
You are no longer poisoned.
You hit the adder but do no damage. You block the adder's attack.
The adder bites you but does no damage.
You miss the adder. The adder bites you but does no damage.
You slash the adder!
The adder is heavily wounded.
The adder misses you. The adder barely misses you.
You completely miss the adder.
The adder is heavily wounded.
The adder bites you.
You are poisoned.
The adder poisons you!
You barely miss the adder.
The adder is heavily wounded.
You feel sick. The adder bites you.
* * * LOW HITPOINT WARNING * * *
The adder barely misses you.
Throw: 3 throwing nets
Press: ? - help, Q - select action, (/) - cycle Shift-Dir - straight line, f - adder
Aim: an adder (heavily wounded, 44% to hit)
You throw a throwing net.
The throwing net barely misses the adder.
The throwing net hits the quokka.
The quokka is caught in the net!
You feel sick.
The quokka struggles against the net.
The adder bites you.
* * * LOW HITPOINT WARNING * * *
You aren't carrying any potions.
Okay, then.
You barely miss the adder.
The adder is heavily wounded.
* * * LOW HITPOINT WARNING * * *
You feel sick.
The quokka struggles against the net.
The adder closely misses you.
You closely miss the adder.
The adder is heavily wounded.
* * * LOW HITPOINT WARNING * * *
You feel sick.
The quokka struggles against the net.
The adder bites you.
You die...

#.# #.#.# ##.##
#.#.####
#...#####......#
#......)...###.##
#...######.# #..#
#..># #.# ##.##
#.r.# #.# #..#
##S## #.# ###.##
#@# #.###.#.#. #.#
#.##Pb#.#. #.#
#.#...#.#. #.#
#.#..b#.#P #.#
#.#P..#.#. #.#
###P..#.#. #.#
#.P.#.#P
#.##########P.#.#P
#.........###.#.#.


You could see an adder and a quokka (caught).

Vanquished Creatures
  4 dart slugs (D:1)
  2 endoplasms (D:1)
  A goblin (D:1)
  3 hobgoblins (D:1)
  A quokka (D:1)
  4 ball pythons
  2 bats (D:1)
  2 kobolds (D:1)
  5 rats (D:1)
24 creatures vanquished.

Notes
Turn   | Place    | Note
-------+----------+-------------------------------------------
     0 | D:1      | ptdevnull the Merfolk Gladiator began the quest for the
                  | Orb.
     0 | D:1      | Reached XP level 1. HP: 16/16 MP: 1/1
    77 | D:1      | Reached skill level 4 in Long Blades
    92 | D:1      | Reached XP level 2. HP: 20/22 MP: 2/2
   597 | D:1      | Reached XP level 3. HP: 27/27 MP: 3/3
   804 | D:1      | Reached skill level 5 in Long Blades
   807 | D:1      | Found a faded altar of an unknown god.
   987 | D:1      | Prayed at the altar of an unknown god.
   987 | D:1      | Became a worshipper of Qazlal Stormbringer
   987 | D:1      | Reached * piety under Qazlal
  1019 | D:1      | Slain by an adder

Illustrated notes

Levels and vault maps discovered:
D:1:      dpeg_arrival_fog, layout_loops_ring, serial_aquarium,
          aquarium_bridge_straight [aquarium_subvault_bridge,
          aquarium_subvault_window, aquarium_subvault_bridge,
          aquarium_subvault_wall], aquarium_bridge_long_separate
          [aquarium_subvault_bridge, aquarium_subvault_wall,
          aquarium_subvault_bridge, aquarium_subvault_wall,
          aquarium_subvault_bridge, aquarium_subvault_bridge],
          aquarium_window_2, aquarium_window_corner, aquarium_window_fake,
          aquarium_window_1, aquarium_view_2e, aquarium_view_2e,
          hellmonk_ecumenical_altar_lost_god, minmay_misc_feat_cross
D:2:      layout_rooms, uniq_natasha, uniq_terence, uniq_jessica, uniq_robin

Skill      XL: |  1  2  3 |
---------------+----------+-----
Long Blades    | 4 5 |  5.1
Fighting       | |  2.2
Throwing       | |  2.0
Dodging        | |  4.0

Action                   || total
-------------------------++-------
Melee: Long sword        ||    55
Throw: Throwing net      ||     1
Armor: Leather armour    ||    19
Dodge: Dodged            ||    38
Block: Buckler           ||    20

Table legend: (Time is in decaauts)
 A = Elapsed time spent in this place.
 B = Non-inter-level travel time spent in this place.
 C = Inter-level travel time spent in this place.
 D = Time resting spent in this place.
 E = Time spent auto-exploring this place.
 F = Levels seen in this place.
 G = Mean time per level.
                   A        B        C        D        E       F      G
               +--------+--------+--------+--------+--------+-----+--------+
         Total |   1032 |    994 |     38 |    178 |    626 |   2 |  516.0 |
       Dungeon |   1032 |    994 |     38 |    178 |    626 |   2 |  516.0 |
               +--------+--------+--------+--------+--------+-----+--------+

Top non-repeatable levels by time:
     D:1: 1025 daAuts
     D:2: 6 daAuts
